 Dungeon Crawl Stone Soup version 0.30.1-9-gdf580d7c3d (webtiles) character file.

Game seed: 12035914568640878832

835 monsoonserge the Skirmisher (level 7, -4/36 HPs)
             Began as a Spriggan Hunter on Oct 2, 2023.
             Was an Initiate of Gozag.
             Slain by Edmund
             ... wielding a +2 dire flail of holy wrath
              (13 damage)
             ... on level 6 of the Dungeon.
             The game lasted 00:13:57 (4802 turns).

monsoonserge the Skirmisher (Spriggan Hunter)       Turns: 4802, Time: 00:13:59

Health: -4/36      AC:  6    Str: 13    XL:     7   Next: 66%
Magic:  8/8        EV: 18    Int: 11    God:    Gozag
Gold:   177        SH:  0    Dex: 20    Spells: 6/6 levels left

rFire   . . .        a - +0 shortbow
rCold   . . .        (shield currently unavailable)
rNeg    . . .        c - +0 robe
rPois   .            (helmet restricted)
rElec   .            (no cloak)
rCorr   .            (gloves unavailable)
SInv    +            (boots unavailable)
Will    +....        (no amulet)
Stlth   ++           d - +4 ring of protection
HPRegen 0.26/turn    w - +6 ring of strength
MPRegen 0.11/turn

%: no passive effects
@: very quick
A: very small, no large weapons, unfitting armour, see invisible, speed 3
a: Renounce Religion, Potion Petition, Call Merchant, Bribe Branch


You were on level 6 of the Dungeon.
You worshipped Gozag.
Gozag was aware of your devotion.
You visited 2 branches of the dungeon, and saw 7 of its levels.

You collected 367 gold pieces.
You spent 80 gold pieces at shops.
You paid 110 gold pieces to Gozag.

Inventory:

Hand Weapons
 a - a +0 shortbow (weapon)
Missiles
 l - 11 poisoned darts
Armour
 c - a +0 robe (worn)
 x - a +0 buckler
Jewellery
 d - a +4 ring of protection (left hand)
 u - an amulet of faith
 w - a +6 ring of strength (right hand)
Wands
 h - a wand of light (4)
Scrolls
 b - 2 scrolls of immolation
 f - a scroll of brand weapon
 i - 2 scrolls of enchant weapon {unknown}
 n - 2 scrolls of teleportation {unknown}
 o - a scroll of fear {unknown}
 s - a scroll of poison {unknown}
 t - a scroll of magic mapping {unknown}
 v - a scroll of acquirement {unknown}
Potions
 e - 4 potions of curing
 g - a potion of berserk rage
 j - 3 potions of flight {unknown}
 m - 2 potions of haste
 p - 2 potions of mutation
 q - a potion of lignification
 r - a potion of ambrosia


   Skills:
 + Level 3.3 Fighting
 + Level 8.3 Ranged Weapons
 * Level 1.7 Throwing
 + Level 3.5 Dodging
 + Level 2.4 Stealth
 - Level 1.0 Evocations


You had 6 spell levels left.
You didn't know any spells.
Your spell library was empty.

Dungeon Overview and Level Annotations

Branches:
Dungeon (6/15)             Temple (1/1) D:6

Altars:
Ashenzari
Dithmenos
Fedhas
Gozag
Hepliaklqana
Kikubaaqudgha
Makhleb
Nemelex Xobeh
Okawaru
Ru
Sif Muna
Trog
Uskayaw
Vehumet
Wu Jian
Xom
Yredelemnul
The Shining One

Shops:
D:1 *   D:2 [

Annotations:
D:6 Edmund


Innate Abilities, Weirdness & Mutations

You are very small and have problems with some larger weapons.
You are too small for most types of armour.
You have supernaturally acute eyesight. (SInv)
You cover ground extremely quickly. (Speed+++)


Message History

The white imp shouts!
You shoot an arrow. The arrow closely misses the white imp.
You shoot an arrow. The arrow hits the white imp!
You kill the white imp!
No target in view!
You see here 6 gold pieces.
You now have 177 gold pieces (gained 6).
You shoot an arrow. The arrow hits Edmund.
Edmund is lightly wounded.
You shoot an arrow. The arrow closely misses Edmund.
Edmund closely misses you.
You shoot an arrow. The arrow hits Edmund.
Edmund is moderately wounded.
Edmund completely misses you.
You shoot an arrow. The arrow hits Edmund!
Edmund is heavily wounded.
Edmund hits you with a +2 dire flail of holy wrath.
You shoot an arrow. The arrow barely misses Edmund.
Edmund completely misses you.
You shoot an arrow. The arrow hits Edmund.
Edmund is heavily wounded.
Edmund closely misses you.
You shoot an arrow. The arrow hits Edmund.
Edmund is heavily wounded.
Edmund completely misses you.
You shoot an arrow. The arrow closely misses Edmund.
Edmund gestures with his flail.
Edmund hits you with a +2 dire flail of holy wrath!
You shoot an arrow. The arrow closely misses Edmund.
Edmund barely misses you.
You shoot an arrow. The arrow barely misses Edmund.
Edmund closely misses you.
You shoot an arrow. The arrow hits Edmund!
Edmund is severely wounded.
Edmund barely misses you.
You shoot an arrow. The arrow hits Edmund!
Edmund is almost dead.
Edmund hits you with a +2 dire flail of holy wrath!
* * * LOW HITPOINT WARNING * * *
Edmund says, "People accused me of being a cutpurse!"
Edmund hits you with a +2 dire flail of holy wrath!
You die...
Your body crumbles into a pile of gold.

...........#.##.......... #
.............###.##.##.##.#
.......[....###.........#.#
..........................#
...........#.##..⌠...⌠..#.#
..............#.........#.#
.......[...##......>......#
...........##.#@........#.#
...........##.#.@⌠...⌠..#.#
...........##.............#
...>.......####.........###
...........# ##.##.##[##
...........# #........#
############ #........#
#.######## #.# #.


You could see Edmund.

Vanquished Creatures
  An ice beast (D:6)
  A sky beast (D:6)
  The ghost of xdfoamboi the Shooter, an amateur FoHu of the Shining One (D:4)
  A bullfrog (D:4)
  A scorpion (D:5)
  4 jellies
  A hound (D:5)
  2 orc wizards (D:4)
  7 gnolls
  7 adders
  2 white imps
  An ufetubus (D:5)
  2 worms (D:2)
  13 orcs
  A ball python (D:2)
  5 endoplasms
  5 giant cockroaches
  5 goblins
  10 hobgoblins
  7 jackals
  4 quokkas
  4 bats
  3 frilled lizards
  4 kobolds
  5 rats
97 creatures vanquished.

Notes
Turn   | Place    | Note
-------+----------+-------------------------------------------
     0 | D:1      | monsoonserge the Spriggan Hunter began the quest for the
                  | Orb.
     0 | D:1      | Reached XP level 1. HP: 10/10 MP: 2/2
   110 | D:1      | Found Meeceun's General Store.
   137 | D:1      | Reached XP level 2. HP: 14/14 MP: 3/3
   204 | D:1      | Found a faded altar of an unknown god.
   645 | D:2      | Reached XP level 3. HP: 18/18 MP: 4/4
   699 | D:2      | Reached skill level 5 in Ranged Weapons
   707 | D:2      | Reached XP level 4. HP: 21/23 MP: 5/5
  1042 | D:1      | Bought a potion of heal wounds for 50 gold pieces
  1042 | D:1      | Bought a potion of curing for 30 gold pieces
  1190 | D:2      | Found Soumir's Antique Armour Emporium.
  2112 | D:3      | Found a shadowy altar of Dithmenos.
  2243 | D:4      | Reached XP level 5. HP: 19/27 MP: 6/6
  2263 | D:4      | Reached skill level 6 in Ranged Weapons
  2449 | D:4      | Found a hide-covered altar of Uskayaw.
  2758 | D:4      | Found a runed translucent door.
  2767 | D:4      | Noticed xdfoamboi's ghost (amateur FoHu)
  3131 | D:5      | Entered Level 5 of the Dungeon
  3228 | D:5      | Reached XP level 6. HP: 32/32 MP: 7/7
  3387 | D:5      | Found a basalt altar of Yredelemnul.
  3446 | D:4      | Killed xdfoamboi's ghost
  3447 | D:4      | Reached skill level 7 in Ranged Weapons
  4054 | D:5      | Reached XP level 7. HP: 19/36 MP: 8/8
  4304 | D:6      | Reached skill level 1 in Throwing
  4304 | D:6      | Reached skill level 1 in Evocations
  4332 | D:6      | Reached skill level 8 in Ranged Weapons
  4390 | D:6      | Found a staircase to the Ecumenical Temple.
  4392 | D:6      | Noticed Edmund
  4421 | Temple   | Entered the Ecumenical Temple
  4743 | Temple   | Became a worshipper of Gozag Ym Sagoz the Greedy
  4802 | D:6      | Slain by Edmund

Illustrated notes

Levels and vault maps discovered:
D:1:      minmay_arrival_hallway, layout_basic, serial_shops,
          nicolae_shop_window_shopping, chequers_ecumenical_altar_simple,
          wad_floor_pattern_1, minmay_misc_feat_x
D:2:      kennysheep_six_static_rooms, layout_rooms, serial_shops,
          nicolae_shop_tiny_real_fake_doors, dreamdust_princess_corridor
D:3:      layout_loops_corners, general_overflow_altar
D:4:      layout_gridville, amcnicky_altar_gilded, ebering_ghost_sewer_d
D:5:      layout_loops_cross, mainiacjoe_overflow_small_starburst
D:6:      layout_basic, minmay_temple_entry_large_hall, grunt_decor_one_mirror,
          uniq_edmund
Temple:   regret_index_temple_generic_petals

Skill      XL: |  1  2  3  4  5  6  7 |
---------------+----------------------+-----
Fighting       | 2 3 |  3.3
Ranged Weapons | 5 6 7 8 |  8.3
Dodging        | 3 |  3.5
Stealth        | 2 |  2.4
Throwing       | 1 |  1.7
Evocations     | 1 |  1.0

Action                     |  1- 3 |  4- 6 |  7- 9 || total
---------------------------+-------+-------+-------++-------
   Fire: Shortbow          |    79 |   178 |    76 ||   333
    Use: Scroll            |       |     6 |     2 ||     8
         Potion            |       |       |     2 ||     2
 Armour: Robe              |     3 |    12 |     7 ||    22
  Dodge: Dodged            |    15 |    66 |    37 ||   118
